 Dungeon Crawl Stone Soup version 0.19.1-1-g22dce08 (webtiles) character file.

90994 ImaNewbie the Impaler (level 16, -2/103 HPs)
             Began as a Formicid Fighter on Jan 1, 2017.
             Was the Champion of Hepliaklqana.
             Slain by a spark wasp (15 damage)
             ... on level 1 of the Spider Nest on Jan 2, 2017.
             The game lasted 01:25:36 (27737 turns).

ImaNewbie the Impaler (Formicid Fighter)           Turns: 27737, Time: 01:25:36

Health: -2/103     AC: 26    Str: 26      XL:     16   Next: 49%
Magic:  33/34      EV: 11    Int:  5 (7)  God:    Hepliaklqana [******]
Gold:   1321       SH: 16    Dex: 12 (13) Spells: 0 memorised, 15 levels left

rFire  + . .     SeeInvis +     a - +1 glaive (freeze)
rCold  . . .     Gourm    .     A - +6 chain mail of Spite {Str+2}
rNeg   . . .     Faith    .     c - +0 shield
rPois  +         Spirit   .     (helmet unavailable)
rElec  .         Reflect  +     H - +0 cloak {rPois}
rCorr  .         Harm     .     g - +2 pair of gloves {archery}
MR     +....     Clarity  +     z - +0 pair of boots {Stlth+}
Stlth  ..........               B - +3 amulet of reflection
                                (no ring)
                                D - ring of magical power

@: no status effects
A: permanent stasis, dig shafts and tunnels, four strong arms, reduced essence,
antennae 3, hooves 2, repulsion field 1, clarity, deterioration 1, fire
resistance 1, weak 1
a: Dig, Shaft Self, Recall Ancestor, Ancestor Identity, Transference, Idealise,
Renounce Religion


You were on level 1 of the Spider Nest.
You worshipped Hepliaklqana.
Hepliaklqana was exalted by your worship.
You were not hungry.

You visited 5 branches of the dungeon, and saw 22 of its levels.

You collected 1870 gold pieces.
You spent 549 gold pieces at shops.

Inventory:

Hand Weapons
 a - a +1 glaive of freezing (weapon)
 b - a +0 blowgun
 x - the +1 spear "Besimov" {protect, rN+}
   (You found it on level 3 of the Lair of Beasts)

   It protects the one who uses it against injury (+AC on strike).
   It protects you from negative energy.
 S - a +0 trident of venom
Missiles
 u - 25 poisoned needles
 E - 3 needles of paralysis
Armour
 c - a +0 shield (worn)
 g - a +2 pair of gloves of archery (worn)
 z - a +0 pair of boots of stealth (worn)
 A - the +6 chain mail of Spite (worn) {Str+2}
   (You found it on level 6 of the Dungeon)

   It affects your strength (+2).
 H - a +0 cloak of poison resistance (worn)
 X - the +0 cloak "Xutud" {Str+2}
   (You found it on level 11 of the Dungeon)

   It affects your strength (+2).
Jewellery
 B - a +3 amulet of reflection (around neck)
 D - a ring of magical power (left hand)
Wands
 e - a wand of enslavement (8/24)
 k - a wand of iceblast (5/15)
 n - a wand of digging (10/24)
 p - a wand of lightning (2/15)
 r - a wand of paralysis (10/24)
 y - a wand of polymorph (2/24)
 Q - a wand of iceblast (4/15)
Scrolls
 l - 8 scrolls of remove curse
 v - 2 scrolls of acquirement {unknown}
 G - 5 scrolls of enchant armour
 I - 7 scrolls of fear
 K - 2 scrolls of noise {unknown}
 L - 2 scrolls of recharging {unknown}
 T - a scroll of enchant weapon
 V - a scroll of silence
 W - 3 scrolls of fog {unknown}
 Z - 4 scrolls of magic mapping
Potions
 d - 4 potions of might
 f - 7 potions of curing
 q - a potion of ambrosia
 s - a potion of flight
 t - a potion of cancellation
 w - 2 potions of lignification
 C - 3 potions of invisibility
 F - 2 potions of resistance
 P - a potion of agility
Miscellaneous
 i - a phantom mirror
Comestibles
 h - 3 chunks of flesh
 j - 7 beef jerkies
 m - 20 fruits
 o - 9 bread rations
 J - 19 royal jellies
 M - 8 meat rations


   Skills:
 - Level 7.1 Fighting
 - Level 16.0 Polearms
 - Level 16.0 Armour
 + Level 11.5 Shields
 - Level 7.0 Invocations
 - Level 13.1 Evocations


You had 15 spell levels left.
You didn't know any spells.

Dungeon Overview and Level Annotations

Branches:
Dungeon (11/15)            Temple (0/1) D:5            Lair (6/6) D:11
 Shoals (1/4) Lair:4       Spider (2/4) Lair:4        Slime (0/5) Lair:6
    Orc (2/2) D:11            Elf (0/3) Orc:2

Altars:
Cheibriados
Dithmenos
Elyvilon
Gozag
Hepliaklqana
Makhleb
Nemelex Xobeh
Sif Muna
Trog
Vehumet
The Shining One
Beogh
Jiyva

Shops:
D:11 [   Orc:2 *:[(   Shoals:1 *


Innate Abilities, Weirdness & Mutations

You are under a permanent stasis effect.
You can dig through walls and to a lower floor.
Your four strong arms can wield two-handed weapons with a shield.
You have a pair of large antennae on your head. (SInv)
Your life essence is reduced. (-10% HP)
You have hoof-like feet.
You are surrounded by a mild repulsion field. (EV +2)
You possess an exceptional clarity of mind.
Your body sometimes deteriorates upon taking damage.
Your flesh is heat resistant. (rF+)
You are weak. (Str -2)


Message History

The spark wasp is severely wounded.
The spark wasp misses you.
Tlalli misses the spark wasp.
You closely miss the spark wasp.
The spark wasp is severely wounded.
You block the spark wasp's attack. x2
Tlalli hits the spark wasp but does no damage.
You hit the spark wasp but do no damage.
The spark wasp is severely wounded.
The spark wasp completely misses you.
You miss the spark wasp.
The spark wasp is severely wounded.
You block the spark wasp's attack.
Tlalli hits the spark wasp with a dagger of draining.
The spark wasp stings Tlalli!
The spark wasp shocks Tlalli!
You slash the spark wasp! You freeze the spark wasp.
The spark wasp is almost dead.
Tlalli misses the spark wasp.
The spark wasp stings you.
* * * LOW HITPOINT WARNING * * *
The spark wasp shocks you!
You die...

#)....##..........#....#.......
##.....#^.....@.#####..^†...##.
###....#..#.##..Ry######...#..##.
..#.#......###>..#.#.^..§†.s..##:
...#..#.....##.......#...#s...[##
.....#.....####.....###.#####...#
.#.........###.......#.####......
..#.....^.###.......#^...#...#...
.....#..###....#...#.#.........#.
#.....#.^.#.....#...#...#........
####.....#.#.......#.#..^#.......
##..........#.........#.....#.
###....#..#..#...#.)....#..#.
###...............#....^#..
#...#....^.#..#........##
##.........#...........##
####.....#........#..##....#


You could see the friendly Tlalli the hexer and a spark wasp.

Vanquished Creatures
  An orc warlord (Orc:1)
  An emperor scorpion (Spider:1)
  An entropy weaver (Spider:1)
  Nessos (Lair:5)
  4 dire elephants (Lair:6)
  A merfolk javelineer (Shoals:1)
  Snorg (Orc:1)
  A merfolk impaler (Shoals:1)
  Fannar (D:10)
  5 hydras
  An anaconda (Lair:6)
  5 orc high priests
  6 death yaks
  An unseen horror (D:10)
  2 orc knights
  5 harpies (Shoals:1)
  3 hill giants
  An ugly thing (D:11)
  A necromancer (Lair:4)
  2 fauns (Shoals:1)
  The ghost of lupus83 the Destroyer, a novice DECj of Sif Muna (D:7)
  3 orb spiders (Spider:1)
  4 orc sorcerers
  6 wolf spiders (Spider:1)
  2 manticores (Shoals:1)
  A cyclops (Orc:1)
  A centaur zombie (D:11)
  4 black mambas
  5 elephants (Lair:6)
  Maurice (Orc:1)
  2 torpor snails
  Joseph (D:10)
  2 water nymphs (Shoals:1)
  9 spiny frogs
  4 rime drakes
  2 komodo dragons
  4 demonic crawlers
  A hornet (Spider:1)
  6 trolls
  A polar bear (Lair:4)
  A queen bee (D:9)
  10 jumping spiders
  7 merfolk (Shoals:1)
  2 two-headed ogres
  4 blink frogs (Lair:6)
  6 hippogriffs
  5 dream sheep
  A snapping turtle (Shoals:1)
  21 redbacks
  5 tarantellas
  47 yaks
  2 hungry ghosts
  2 wyverns
  2 wargs (Orc:1)
  Menkaure (D:5)
  A soldier ant (D:8)
  7 water moccasins
  Duvessa (D:5)
  8 porcupines
  19 orc warriors
  3 ice beasts
  An eye of draining (D:11)
  A sky beast (D:4)
  3 black bears
  A phantom (D:8)
  6 wolves
  9 ogres
  2 centaurs
  13 crocodiles
  3 big kobolds
  A wyvern zombie (D:9)
  7 bullfrogs
  Dowan (D:5)
  2 scorpions
  18 killer bees
  A vampire bat (D:3)
  An electric eel (D:10)
  A lava snake (D:10)
  6 crimson imps
  5 hounds
  2 jellies
  8 orc priests
  19 orc wizards
  2 bullfrog skeletons
  Natasha (thrice) (D:2)
  A hexer (D:9)
  5 iguanas
  A polar bear simulacrum (Lair:4)
  6 worker ants
  A yak simulacrum (Lair:4)
  A wolf simulacrum (Lair:4)
  A hound skeleton (D:9)
  A worker ant zombie (D:3)
  14 adders
  4 gnolls (D:3)
  6 shadow imps
  An adder zombie (D:3)
  5 worms
  2 dart slugs
  3 fire bats (D:3)
  3 leopard geckos
  51 orcs
  2 spectral bats (D:3)
  13 bats
  3 bat skeletons (D:3)
  A bat zombie (D:3)
  6 giant cockroaches
  9 goblins
  6 hobgoblins
  16 jackals
  5 quokkas
  2 ball pythons
  A ball python zombie (D:3)
  A bat simulacrum (D:3)
  2 frilled lizards
  13 kobolds
  5 rats
  3 river rat simulacra (Lair:4)
  2 plants (Lair:6)
571 creatures vanquished.

Vanquished Creatures (collateral kills)
  An orc warlord (Orc:1)
  A dire elephant (Lair:6)
  A catoblepas (Lair:4)
  An orc high priest (Orc:2)
  A death yak (Lair:5)
  A lindwurm (Lair:3)
  A harpy (Shoals:1)
  3 orc sorcerers
  A siren (Shoals:1)
  2 manticores
  An ugly thing (D:11)
  A black mamba (Lair:4)
  2 elephants (Lair:6)
  A spiny frog (Lair:6)
  A rime drake (Lair:1)
  2 jumping spiders
  A merfolk (Shoals:1)
  A hornet (D:8)
  A wind drake (Shoals:1)
  A polar bear (Lair:6)
  A two-headed ogre (D:10)
  A hippogriff (Lair:5)
  A blink frog (Lair:6)
  3 redbacks
  4 tarantellas (Spider:1)
  6 yaks
  2 basilisks
  A mottled dragon (D:11)
  2 water moccasins (Lair:6)
  A soldier ant (D:8)
  2 porcupines
  6 orc warriors
  2 ice beasts
  A sky beast (D:8)
  A necrophage (D:8)
  4 ogres
  2 crocodiles (Lair:4)
  3 bullfrogs
  A scorpion (D:8)
  4 killer bees
  A crimson imp (D:5)
  A centaur zombie (D:8)
  A lava snake (D:10)
  A bullfrog skeleton (D:6)
  2 orc priests
  A jelly (D:9)
  4 orc wizards
  An iguana (D:9)
  A polar bear simulacrum (Lair:4)
  2 wolf simulacra (Lair:4)
  3 worker ants
  An adder (D:7)
  2 leopard geckos
  14 orcs
  A ball python (D:8)
  A jackal (D:11)
  2 kobolds (D:9)
  2 river rat simulacra (Lair:4)
  A fungus (Lair:6)
  A plant (Lair:6)
116 creatures vanquished.

Vanquished Creatures (others)
  A wolf spider (Spider:1)
  19 hexers
  2 ancestors (D:6)
  An orc (D:8)
  A quokka (D:11)
  A bush (Lair:4)
  10 fungi
  4 plants (Lair:6)
39 creatures vanquished.

Grand Total: 726 creatures vanquished

Notes
Turn   | Place    | Note
-------+----------+-------------------------------------------
     0 | D:1      | ImaNewbie the Formicid Fighter began the quest for the Orb.
     0 | D:1      | Reached XP level 1. HP: 18/18 MP: 1/1
   159 | D:1      | Reached XP level 2. HP: 23/24 MP: 2/2
   706 | D:1      | Reached XP level 3. HP: 29/29 MP: 3/3
   877 | D:2      | Reached XP level 4. HP: 27/35 MP: 4/4
  1156 | D:2      | Noticed Natasha
  1166 | D:2      | Killed Natasha
  1166 | D:2      | Reached XP level 5. HP: 40/41 MP: 5/5
  1608 | D:2      | Noticed Natasha
  1628 | D:2      | Killed Natasha
  1628 | D:2      | Reached skill level 5 in Polearms
  1870 | D:2      | Noticed Natasha
  1878 | D:2      | Killed Natasha
  1937 | D:2      | Reached XP level 6. HP: 23/47 MP: 6/6
  2282 | D:3      | Found a snail-covered altar of Cheibriados.
  2407 | D:3      | Found a faded altar of an unknown god.
  2812 | D:3      | Reached XP level 7. HP: 52/52 MP: 7/7
  3026 | D:4      | Found a glowing golden altar of the Shining One.
  3034 | D:4      | Gained mutation: You are weak. (Str -2) [potion of mutation]
  3034 | D:4      | Gained mutation: You are surrounded by a mild repulsion field. (EV +2) [potion of mutation]
  3034 | D:4      | Gained mutation: You have large cloven feet. [potion of mutation]
  3770 | D:4      | Found a shadowy altar of Dithmenos.
  3770 | D:4      | Found a sparkling altar of Nemelex Xobeh.
  3771 | D:4      | Found a bloodstained altar of Trog.
  4015 | D:5      | Entered Level 5 of the Dungeon
  4025 | D:5      | Found a white marble altar of Elyvilon.
  4126 | D:5      | Reached XP level 8. HP: 58/58 MP: 8/8
  4151 | D:5      | Noticed Menkaure
  4161 | D:5      | Killed Menkaure
  4435 | D:5      | Noticed Duvessa
  4436 | D:5      | Noticed Dowan
  4452 | D:5      | Killed Duvessa
  4473 | D:5      | Killed Dowan
  4578 | D:5      | Found a staircase to the Ecumenical Temple.
  4584 | D:5      | Found a hazy altar of Hepliaklqana.
  4590 | D:5      | Became a worshipper of Hepliaklqana the Forgotten
  4783 | D:5      | Found a radiant altar of Vehumet.
  4783 | D:5      | Found a burning altar of Makhleb.
  4973 | D:5      | Gained mutation: Your body sometimes deteriorates upon taking damage. [potion of mutation]
  4973 | D:5      | Gained mutation: You possess an exceptional clarity of mind. [potion of mutation]
  5109 | D:6      | Reached skill level 10 in Polearms
  5115 | D:6      | Got a jasper-encrusted chain mail
  5126 | D:6      | Identified the +6 chain mail of Spite {Str+2} (You found it on level 6 of the Dungeon)
  5357 | D:6      | Reached XP level 9. HP: 57/57 MP: 9/9
  5446 | D:6      | Reached * piety under Hepliaklqana
  5947 | D:7      | Noticed lupus83's ghost (novice DECj)
  5966 | D:7      | Killed lupus83's ghost
  6316 | D:7      | Found a hazy altar of Hepliaklqana.
  6423 | D:7      | Noticed a two-headed ogre
  6432 | D:7      | Killed a two-headed ogre
  6883 | D:8      | Reached XP level 10. HP: 63/63 MP: 10/10
  6941 | D:8      | Reached ** piety under Hepliaklqana
  6942 | D:8      | Remembered your ancestor Tlalli as a hexer
  7128 | D:8      | Found an opulent altar of Gozag.
  7321 | D:8      | Reached skill level 5 in Fighting
  7498 | D:8      | Found a deep blue altar of Sif Muna.
  7982 | D:9      | Reached XP level 11. HP: 59/75 MP: 11/11
  8317 | D:10     | Entered Level 10 of the Dungeon
  8589 | D:9      | Reached skill level 5 in Armour
  9427 | D:10     | Noticed an unseen horror
  9434 | D:10     | Killed an unseen horror
  9497 | D:10     | Reached *** piety under Hepliaklqana
  9699 | D:10     | Noticed a hill giant
  9730 | D:10     | Killed a hill giant
  9894 | D:10     | Found a white marble altar of Elyvilon.
  9911 | D:10     | Noticed Fannar
  9915 | D:10     | Noticed Joseph
  9939 | D:10     | Killed Fannar
  9943 | D:10     | Killed Joseph
 10490 | D:11     | Noticed a hill giant
 10501 | D:11     | Killed a hill giant
 10501 | D:11     | Reached skill level 15 in Polearms
 10563 | D:11     | Got a faintly humming cloak
 10574 | D:11     | Identified the cursed +0 cloak "Xutud" {Str+2} (You found it on level 11 of the Dungeon)
 10742 | D:11     | Noticed a cyan ugly thing
 10765 | D:11     | Killed a cyan ugly thing
 10765 | D:11     | Reached skill level 5 in Shields
 10765 | D:11     | Reached XP level 12. HP: 54/81 MP: 12/12
 11008 | D:11     | Noticed a seven-headed hydra
 11093 | D:11     | Found Ziohyati's Antique Armour Shop.
 11114 | D:11     | Bought a fine buckler for 266 gold pieces
 11131 | D:11     | Identified the cursed -3 buckler of Voggit {rF++ MR-} (You bought it in a shop on level 11 of the Dungeon)
 11151 | D:11     | Found a staircase to the Orcish Mines.
 11409 | D:11     | Found a staircase to the Lair.
 11431 | D:11     | Noticed a death yak
 11466 | D:11     | Killed a death yak
 11724 | D:11     | Killed a seven-headed hydra
 11956 | Lair:1   | Entered Level 1 of the Lair of Beasts
 11968 | Lair:1   | Reached **** piety under Hepliaklqana
 12460 | Lair:1   | Gained mutation: Your flesh is heat resistant. (rF+) [potion of beneficial mutation]
 12461 | Lair:1   | Gained mutation: You have hoof-like feet. [potion of beneficial mutation]
 12707 | Lair:2   | Reached skill level 1 in Invocations
 13036 | Lair:2   | Reached ***** piety under Hepliaklqana
 13113 | Lair:2   | Reached XP level 13. HP: 50/86 MP: 15/15
 13439 | Lair:2   | Noticed a five-headed hydra
 13446 | Lair:2   | Killed a five-headed hydra
 13617 | Lair:2   | Reached skill level 5 in Invocations
 14651 | Lair:3   | Got a transparent spear
 14653 | Lair:3   | Identified the cursed +1 spear "Besimov" {protect, rN+} (You found it on level 3 of the Lair of Beasts)
 15151 | Lair:3   | Reached skill level 10 in Armour
 15241 | Lair:3   | Reached skill level 1 in Evocations
 15511 | Lair:4   | Found a hole to the Spider Nest.
 15705 | Lair:4   | Noticed a catoblepas
 15717 | Lair:4   | Killed a catoblepas
 15773 | Lair:4   | Found a staircase to the Shoals.
 16021 | Lair:4   | Reached skill level 5 in Evocations
 16742 | Lair:4   | Reached XP level 14. HP: 77/92 MP: 19/19
 17481 | Lair:5   | Reached ****** piety under Hepliaklqana
 17571 | Lair:5   | Noticed Nessos
 17584 | Lair:5   | Killed Nessos
 18139 | Orc:1    | Entered Level 1 of the Orcish Mines
 18140 | Orc:1    | Found a roughly hewn altar of Beogh.
 18160 | Orc:1    | Noticed Maurice
 18188 | Orc:1    | Killed Maurice
 18430 | Orc:1    | Noticed Snorg
 18431 | Orc:1    | Noticed an orc warlord
 18468 | Orc:1    | Killed Snorg
 18820 | Orc:1    | Killed an orc warlord
 19702 | Orc:2    | Entered Level 2 of the Orcish Mines
 19702 | Orc:2    | Found Iteep's Antique Weapon Emporium.
 19749 | Orc:2    | Found a staircase to the Elven Halls.
 21067 | Orc:2    | Reached skill level 10 in Evocations
 21135 | Orc:2    | Found Atoosilu's Antique Armour Shoppe.
 21312 | Orc:2    | Found Xuhuovor's General Store.
 21312 | Orc:2    | Noticed an orc warlord
 21480 | Orc:1    | Killed an orc warlord
 21703 | Orc:2    | Reached XP level 15. HP: 86/97 MP: 22/22
 21955 | Orc:2    | Found Xoyjahou's Book Boutique.
 22292 | Lair:6   | Entered Level 6 of the Lair of Beasts
 22605 | Lair:6   | Found a viscous altar of Jiyva.
 22606 | Lair:6   | Found a staircase to the Slime Pits.
 23915 | Lair:6   | Reached skill level 15 in Armour
 24476 | Shoals:1 | Entered Level 1 of the Shoals
 24626 | Shoals:1 | Found Byruurakhla's Assorted Antiques.
 24685 | Shoals:1 | Bought a runed cloak for 283 gold pieces
 25301 | Shoals:1 | Reached XP level 16. HP: 81/103 MP: 25/25
 25745 | Spider:1 | Entered Level 1 of the Spider Nest
 26845 | Lair:4   | Reached skill level 10 in Shields
 27729 | Spider:1 | HP: 4/103 [spark wasp (14)]
 27737 | Spider:1 | Slain by a spark wasp

Skill      XL: |  1  2  3  4  5  6  7  8  9 10 11 12 13 14 15 16 |
---------------+-------------------------------------------------+-----
Polearms       | 3 4 5 7 8 10 12 14 15 16 | 16.0
Fighting       | 7 |  7.1
Armour         | 7 8 11 13 15 16 | 16.0
Shields        | 5 9 11 | 11.5
Invocations    | 3 7 |  7.0
Evocations     | 6 10 12 13 | 13.1

Action                   |  1- 3 |  4- 6 |  7- 9 | 10-12 | 13-15 | 16-18 || total
-------------------------+-------+-------+-------+-------+-------+-------++-------
Melee: Trident           |    78 |   177 |       |   588 |   733 |       ||  1576
       Spear             |       |    80 |   517 |   314 |    25 |       ||   936
       Kick              |       |       |    23 |       |       |       ||    23
       Glaive            |       |       |       |       |   579 |   273 ||   852
Invok: Ancestor Life: He |       |       |       |     1 |       |       ||     1
       Recall Ancestor   |       |       |       |     1 |     5 |     3 ||     9
       Transference      |       |       |       |       |     4 |       ||     4
       Idealise          |       |       |       |       |     1 |       ||     1
 Abil: Dig               |       |       |       |     6 |     7 |       ||    13
Evoke: Phantom mirror    |       |       |       |       |     1 |       ||     1
       Wand              |       |       |       |       |     2 |     1 ||     3
       Box of beasts     |       |       |       |       |       |     1 ||     1
  Use: Scroll            |       |       |    21 |     5 |     4 |       ||    30
       Potion            |       |       |     3 |     4 |     4 |     2 ||    13
 Stab: Distracted        |       |       |     1 |     6 |    16 |     4 ||    27
       Confused          |       |       |       |     3 |    11 |     6 ||    20
       Paralysed         |       |       |       |       |    17 |    18 ||    35
  Eat: Chunk             |       |     7 |    13 |    22 |    33 |     8 ||    83
       Pizza             |       |       |       |       |     2 |       ||     2
       Meat ration       |       |       |       |       |     1 |       ||     1
Armor: Scale mail        |    24 |   124 |    60 |       |       |       ||   208
       Chain mail        |       |       |    30 |   218 |   327 |   219 ||   794
Dodge: Dodged            |    27 |    68 |    86 |   129 |   278 |   161 ||   749
Block: Shield            |    28 |   110 |   123 |   351 |   646 |   280 ||  1538
       Reflection        |       |       |     2 |     7 |    29 |       ||    38
